 Dungeon Crawl Stone Soup version 0.29-a0-994-gc5c9f59d18 (webtiles) character file.

Game seed: 10164337084313822092

3 gelatine the Nimble (level 1, -1/13 HPs)
             Began as a Gnoll Wanderer on Aug 3, 2022.
             Frozen to death by an endoplasm (4 damage)
             ... on level 1 of the Dungeon.
             The game lasted 00:00:30 (31 turns).

gelatine the Nimble (Gnoll Wanderer)                  Turns: 31, Time: 00:00:31

Health: -1/13      AC:  3    Str: 12    XL:     1   Next: 50%
Magic:  4/4        EV: 13    Int: 12    God:
Gold:   0          SH:  0    Dex:  9    Spells: 4/5 levels left

rFire   . . .      SeeInvis .   a - +0 club
rCold   . . .      Faith    .   (no shield)
rNeg    . . .      Spirit   .   e - +0 leather armour
rPois   .          Reflect  .   (no helmet)
rElec   .          Harm     .   (no cloak)
rCorr   .          Rampage  .   (no gloves)
Will    .....                   (no boots)
Stlth   +.........              (no amulet)
HPRegen 0.04/turn               (no ring)
MPRegen 0.09/turn               (no ring)

@: no status effects
A: fangs 1, strong nose, distributed training
a: no special abilities


You were on level 1 of the Dungeon.
You visited 1 branch of the dungeon, and saw 1 of its levels.

Inventory:

Hand Weapons
 a - a +0 club (weapon)
Missiles
 b - 4 throwing nets (quivered)
Armour
 e - a +0 leather armour (worn)
Scrolls
 d - a scroll of silence
Potions
 c - a potion of lignification


   Skills:
 + Level 0.0 Fighting
 + Level 0.0 Short Blades
 + Level 0.0 Long Blades
 + Level 0.0 Axes
 + Level 0.0 Maces & Flails
 + Level 0.0 Polearms
 + Level 0.0 Staves
 + Level 0.0 Ranged Weapons
 + Level 0.0 Throwing
 + Level 2.3 Armour
 + Level 8.4 Dodging
 + Level 2.1 Stealth
 + Level 0.0 Shields
 + Level 0.0 Unarmed Combat
 + Level 2.6 Spellcasting
 + Level 0.0 Conjurations
 + Level 0.0 Hexes
 + Level 0.0 Summonings
 + Level 0.0 Necromancy
 + Level 0.0 Translocations
 + Level 0.0 Transmutations
 + Level 0.0 Fire Magic
 + Level 0.0 Ice Magic
 + Level 0.0 Air Magic
 + Level 3.6 Earth Magic
 + Level 0.0 Poison Magic
 + Level 0.1 Invocations
 + Level 2.3 Evocations


You had 4 spell levels left.
You knew the following spells:

 Your Spells              Type           Power      Damage    Failure   Level
a - Sandblast             Erth           20%        2d7       8%          1

Your spell library contained the following spells:

 Spells                   Type           Power      Damage    Failure   Level
 Stone Arrow              Conj/Erth      12%        3d7       41%         3


Dungeon Overview and Level Annotations

Branches:
Dungeon (1/15)

Altars:


Innate Abilities, Weirdness & Mutations

You have very sharp teeth.
Your uncanny sense of smell can sniff out nearby items.
Your experience applies equally to all skills.


Message History

You hit the giant cockroach.
You kill the giant cockroach!
The bat hits you but does no damage. The bat barely misses you.
You hit the bat but do no damage. The bat barely misses you.
The bat hits you but does no damage.
You hit the bat.
The bat is moderately wounded.
The bat barely misses you. x2 2 endoplasms, a bat and a goblin come into view.
The bat hits you but does no damage. x2
You closely miss the bat. You bite the bat, but do no damage.
The bat closely misses you. The bat barely misses you.
Found a scroll labelled PAZORO CACHU and a grey potion.
The bat hits you. The bat barely misses you.
The bat hits you but does no damage.
You hit the goblin.
You kill the goblin!
The endoplasm quivers.
The bat misses you. The bat hits you but does no damage.
The bat barely misses you. The bat closely misses you. The endoplasm hits you.
You hit the endoplasm but do no damage. The bat hits you but does no damage. x3
The endoplasm hits you.
You hit the endoplasm.
The endoplasm is moderately wounded.
The bat hits you but does no damage. The bat closely misses you.
The bat misses you. x2; The endoplasm hits you.
You hit the endoplasm.
The endoplasm is heavily wounded.
The bat hits you but does no damage. x2; The endoplasm misses you.
You hit the endoplasm.
You kill the endoplasm!
The bat barely misses you. x2; The bat closely misses you.
The endoplasm freezes you.
You are frozen.
* * * LOW HITPOINT WARNING * * *
You hit the endoplasm but do no damage. The bat completely misses you.
The bat hits you but does no damage. The endoplasm freezes you.
You are frozen.
You die...

#~~≈.~~≈# #.~~.≈≈≈#
... .. #~~P..P~#
##.. ##...
#≈P.~.~P###.. ?!#..
#~.~~~..##..# .#.##
#+#####'##..#∆#....
#..##..#∆... ∆
#......##J#
+.....b.@#∆∆
#.......b#
................
.................
...................
...................
.....?.............
..>...............


You could see an endoplasm and 2 bats.

Vanquished Creatures
  An endoplasm (D:1)
  A giant cockroach (D:1)
  A goblin (D:1)
3 creatures vanquished.

Notes
Turn   | Place    | Note
-------+----------+-------------------------------------------
     0 | D:1      | gelatine the Gnoll Wanderer began the quest for the Orb.
     0 | D:1      | gelatine set off with the following items: a +0 club, 4
                  | throwing nets, a potion of lignification, a scroll of
                  | silence, a +0 leather armour; and the following spell
                  | memorised: Sandblast; and the following spells available to
                  | memorise: Stone Arrow.
     0 | D:1      | Reached XP level 1. HP: 13/13 MP: 4/4
    31 | D:1      | Frozen to death by an endoplasm

Illustrated notes

Levels and vault maps discovered:
D:1:      lightli_arrival_flooded_house, layout_basic,
          hellmonk_ecumenical_altar_crossroads, minmay_hexomino_c4

Action                   || total
-------------------------++-------
Melee: Club              ||    15
       Punch             ||     1
       Bite              ||     1
Armor: Leather armour    ||    21
Dodge: Dodged            ||    24

Table legend: (Time is in decaauts)
 A = Elapsed time spent in this place.
 B = Non-inter-level travel time spent in this place.
 C = Inter-level travel time spent in this place.
 D = Time resting spent in this place.
 E = Time spent auto-exploring this place.
 F = Levels seen in this place.
 G = Mean time per level.
                   A        B        C        D        E       F      G
               +--------+--------+--------+--------+--------+-----+--------+
         Total |     35 |     35 |      0 |      0 |      0 |   1 |   35.0 |
       Dungeon |     35 |     35 |      0 |      0 |      0 |   1 |   35.0 |
               +--------+--------+--------+--------+--------+-----+--------+

Top non-repeatable levels by time:
     D:1: 35 daAuts
